 Dungeon Crawl Stone Soup version 0.29-a0-892-g2c4c91d9db (webtiles) character file.

Game seed: 11690510951159797392

2 jimonade the Vexing (level 1, 0/15 HPs)
             Began as a Formicid Arcane Marksman on July 23, 2022.
             Slain by a goblin
             ... wielding a +0 dagger of venom
              (3 damage)
             ... on level 1 of the Dungeon.
             The game lasted 00:00:38 (121 turns).

jimonade the Vexing (Formicid Arcane Marksman)       Turns: 121, Time: 00:00:39

Health: 0/15       AC:  3    Str: 14    XL:     1   Next: 44%
Magic:  2/2        EV: 12    Int: 12    God:
Gold:   0          SH:  0    Dex: 14    Spells: 1/2 levels left

rFire   . . .      SeeInvis +   a - +0 sling
rCold   . . .      Faith    .   (no shield)
rNeg    . . .      Spirit   .   c - +0 robe
rPois   .          Reflect  .   (helmet unavailable)
rElec   .          Harm     .   (no cloak)
rCorr   .          Rampage  .   (no gloves)
Will    .....                   d - +0 pair of boots
Stlth   +.........              (no amulet)
HPRegen 0.05/turn               (no ring)
MPRegen 0.08/turn               (no ring)

@: lethally poisoned (0 -> -14)
A: permanent stasis, dig shafts and tunnels, antennae 3, four strong arms
a: Dig, Shaft Self


You were on level 1 of the Dungeon.
You visited 1 branch of the dungeon, and saw 1 of its levels.

Inventory:

Hand Weapons
 a - a +0 sling (weapon)
Armour
 c - a +0 robe (worn)
 d - a +0 pair of boots (worn)
 e - a +0 leather armour
Scrolls
 b - a scroll of vulnerability
 g - a scroll of identify {unknown}
Potions
 f - a potion of degeneration {unknown}


   Skills:
 * Level 1.1 Fighting
 + Level 2.0 Ranged Weapons
 + Level 1.7 Dodging
 * Level 1.1 Spellcasting
 + Level 3.7 Hexes


You had one spell level left.
You knew the following spells:

 Your Spells              Type           Power      Damage    Failure   Level
a - Slow                  Hex            36%        N/A       6%          1

Your spell library contained the following spells:

 Spells                   Type           Power      Damage    Failure   Level
 Inner Flame              Hex/Fire       5%         N/A       38%         3
 Portal Projectile        Hex/Tloc       10%        N/A       38%         3
 Cause Fear               Hex            4%         N/A       54%         4


Dungeon Overview and Level Annotations

Branches:
Dungeon (1/15)

Altars:


Innate Abilities, Weirdness & Mutations

You cannot be hasted, slowed, berserked, paralysed or teleported.
You can dig through walls and to a lower floor.
You have a pair of large antennae on your head. (SInv)
Your four strong arms can wield two-handed weapons with a shield.


Message History

No target in view!
HP restored.
g - a scroll labelled AMEWKIWYCW You sense a monster nearby.
An endoplasm comes into view.
Casting: Slow (safe; 7% risk of failure)
Confirm with . or Enter, or press ? or * to list all spells.
Aiming: Slow (safe; 7% risk of failure)
Press: ? - help, Shift-Dir - straight line, f - endoplasm
Aim: an endoplasm (asleep, chance to affect: 64%)
The endoplasm seems to slow down.
You shoot a sling bullet. The sling bullet hits the endoplasm.
You kill the endoplasm!
No target in view!
No target in view!
Magic restored.
You sense a monster nearby.
A goblin comes into view. It is wielding a +0 dagger of venom.
The goblin shouts!
Found a sapphire potion and a scroll labelled IBOD YVORA.
You shoot a sling bullet.
The sling bullet hits the goblin but does no damage.
The goblin hits you but does no damage.
You are poisoned.
You shoot a sling bullet. The sling bullet hits the goblin.
The goblin is heavily wounded.
You feel very sick. The goblin hits you but does no damage.
You shoot a sling bullet.
The sling bullet closely misses the goblin.
You feel sick.
The goblin hits you with a +0 dagger of venom.
You are lethally poisoned!
You shoot a sling bullet.
The sling bullet barely misses the goblin.
* * * LOW HITPOINT WARNING * * *
You feel very sick. The goblin hits you but does no damage.
The goblin hits you with a +0 dagger of venom.
You die...

..#.....# { #.....#.###
###.........#
..........#.###
#.............#########
...........#..........#
......................#
#.........#..........#
#.....@...#..........#
##....g..##..........#
#.................#####
#......................
...........#............
##.........###########..
#.........# #...
##..?!...## #♣.. ♣..


You could see a goblin.

Vanquished Creatures
  An endoplasm (D:1)
  A quokka (D:1)
2 creatures vanquished.

Notes
Turn   | Place    | Note
-------+----------+-------------------------------------------
     0 | D:1      | jimonade the Formicid Arcane Marksman began the quest for
                  | the Orb.
     0 | D:1      | Reached XP level 1. HP: 15/15 MP: 2/2
   121 | D:1      | Slain by a goblin

Illustrated notes

Levels and vault maps discovered:
D:1:      sevenhm_arrival_forest_fort_large_4, layout_rooms,
          hellmonk_ecumenical_altar_defaced_shrine, grunt_decor_mini_mirrors,
          minmay_rat_gold_closets

Action                   || total
-------------------------++-------
 Fire: Sling             ||    17
 Cast: Slow              ||     2
Armor: Robe              ||     4
Dodge: Dodged            ||     5

Table legend: (Time is in decaauts)
 A = Elapsed time spent in this place.
 B = Non-inter-level travel time spent in this place.
 C = Inter-level travel time spent in this place.
 D = Time resting spent in this place.
 E = Time spent auto-exploring this place.
 F = Levels seen in this place.
 G = Mean time per level.
                   A        B        C        D        E       F      G
               +--------+--------+--------+--------+--------+-----+--------+
         Total |    125 |    125 |      0 |      0 |     70 |   1 |  125.0 |
       Dungeon |    125 |    125 |      0 |      0 |     70 |   1 |  125.0 |
               +--------+--------+--------+--------+--------+-----+--------+

Top non-repeatable levels by time:
     D:1: 125 daAuts
